 Dungeon Crawl Stone Soup version 0.30-a0-34-gbe8da3892a (webtiles) character file.

Game seed: 4366497627383020507

2609 nono the Trooper (level 9, -1/69 (77) HPs)
             Began as a Palentonga Fighter on Aug 28, 2022.
             Was an Initiate of Ashenzari.
             Slain by a wight
             ... wielding a +3 battleaxe
              (4 damage)
             ... on level 6 of the Dungeon.
             The game lasted 00:20:36 (7001 turns).

nono the Trooper (Palentonga Fighter)               Turns: 7001, Time: 00:20:36

HP:   -1/69 (77)    AC: 17    Str: 24 (26) XL:     9   Next: 34%
MP:   9/9           EV:  9    Int:  8 (9)  God:    Ashenzari [......]
Gold: 315           SH:  5    Dex:  9      Spells: 8/8 levels left

rFire   . . .      SeeInvis +    b - +0 flail (holy)
rCold   + . .      Faith    .    c - +0 buckler
rNeg    . . .      Spirit   .    F - +1 robe {rC+}
rPois   .          Reflect  .    (no helmet)
rElec   .          Harm     .    (no cloak)
rCorr   .          Rampage  .    m - +0 pair of gloves
Will    +....                    (no barding)
Stlth   +.........               (no amulet)
HPRegen 0.21/turn                t - ring of willpower
MPRegen 0.11/turn                d - +4 ring of protection

@: heavily drained, curled up
A: large, rugged brown scales 3, see invisible, deformed body, roll 1, armoured
tail, reflexive curl
a: Rolling Charge, Renounce Religion, Curse Item


You were on level 6 of the Dungeon.
You worshipped Ashenzari.
Ashenzari was noncommittal.
You visited 2 branches of the dungeon, and saw 8 of its levels.

You collected 315 gold pieces.

Inventory:

Hand Weapons
 a - a +2 short sword of electrocution
 b - a +0 flail of holy wrath (weapon)
 A - a +4 dagger
 E - a +0 flail
 G - a +0 whip of flaming
 J - a +0 dagger of venom
Armour
 c - a +0 buckler (worn)
 f - a +0 chain mail
 m - a +0 pair of gloves (worn)
 o - a +0 plate armour
 x - a +0 scale mail
 y - a +0 chain mail
 F - a +1 robe of cold resistance (worn)
Jewellery
 d - a +4 ring of protection (right hand)
 t - a ring of willpower (left hand)
 z - a ring of positive energy
 C - a ring of protection from fire
Wands
 B - a wand of flame (19)
 H - a wand of mindburst (9)
Scrolls
 e - a scroll of brand weapon {unknown}
 g - 2 scrolls of enchant armour {unknown}
 h - 2 scrolls of immolation {unknown}
 l - 2 scrolls of fog {unknown}
 p - 5 scrolls of identify {unknown}
 q - a scroll of noise {unknown}
Potions
 i - 2 potions of haste
 j - a potion of lignification {unknown}
 k - 2 potions of ambrosia {unknown}
 n - 2 potions of flight {unknown}
 r - 2 potions of degeneration
 s - a potion of invisibility {unknown}
 u - a potion of attraction {unknown}
 v - a potion of curing
 w - 2 potions of brilliance {unknown}
 D - a potion of magic {unknown}
 I - a potion of berserk rage {unknown}


   Skills:
 + Level 7.0 Fighting
 + Level 6.6 Maces & Flails
 + Level 5.8 Armour
 + Level 6.4 Shields


You had 8 spell levels left.
You didn't know any spells.
Your spell library contained the following spells:

 Spells                   Type           Power      Damage    Failure   Level
 Magic Dart               Conj           0%         1d3       45%         1
 Sting                    Tmut/Pois      0%         1d3       45%         1
 Blink                    Tloc           0%         N/A       61%         2
 Poisonous Vapours        Pois/Air       0%         N/A       61%         2
 Searing Ray              Conj           0%         2d4       61%         2
 Fulminant Prism          Conj/Hex       0%         3d6       99%         4
 Olgreb's Toxic Radiance  Pois           0%         N/A       99%         4
 Manifold Assault         Tloc           0%         N/A       100%        5
 Storm Form               Tmut/Air       0%         N/A       100%        7


Dungeon Overview and Level Annotations

Branches:
Dungeon (7/15)             Temple (1/1) D:5

Altars:
Ashenzari
Cheibriados
Elyvilon
Fedhas
Gozag
Hepliaklqana
Kikubaaqudgha
Makhleb
Nemelex Xobeh
Okawaru
Ru
Trog
Uskayaw
Vehumet
Wu Jian
Xom
Yredelemnul
Zin
The Shining One

Shops:
D:4 (


Innate Abilities, Weirdness & Mutations

You are completely covered in rugged brown scales. (AC +3, +7% HP)
You have supernaturally acute eyesight. (SInv)
Armour fits poorly on your strangely shaped body.
You can roll at nearby foes to attack.
You have a long armoured tail.
You curl defensively after being hit. (AC +7*)


Message History

The wight is moderately damaged.
You block the wight's attack.
You hit the wight but do no damage.
Your tail-slap misses the wight.
The wight is moderately damaged.
The wight hits you with a +3 battleaxe.
You feel drained. You block the wight's attack.
You closely miss the wight.
You tail-slap the wight, but do no damage.
The wight is moderately damaged.
The wight closely misses you. x2
You hit the wight but do no damage.
The wight is moderately damaged.
The wight hits you with a +3 battleaxe!!
You feel drained. The wight closely misses you.
The wight attacks as you move away! The wight barely misses you.
The wight attacks as you move away! The wight hits you with a +0 mace.
You feel drained. The wight attacks as you move away!
You block the wight's attack. The wight barely misses you.
The wight attacks as you move away! The wight closely misses you.
The wight attacks as you move away! The wight hits you with a +3 battleaxe!
There is a stone staircase leading up here.
You can't go down here!
You climb upwards.
There is a stone staircase leading down here.
You barely miss the wight.
The wight is moderately damaged.
The wight hits you with a +3 battleaxe!
* * * LOW HITPOINT WARNING * * *
You barely miss the wight.
The wight is moderately damaged.
The wight closely misses you. The wight hits you with a +3 battleaxe!
* * * LOW HITPOINT WARNING * * *
You feel better. You block the wight's attack.
You barely miss the wight.
The wight is moderately damaged.
The wight hits you with a +3 battleaxe!
* * * LOW HITPOINT WARNING * * *
You feel drained.
You die...

### #.. ##### ##. #...# #.
#.>.# #. #...# ##.
#####.#.##### ##..
#...........# ###..#
#.>.#...#z@.# ########....#
#†..........###.....##.._.#
########...######............#
#.................#........###
#....⌠...8...⌠....#.........#
#.................#.........##
#.######...#########......|..#
#.##...........# ##.........##
#.##.<.#...#.<.###..#.......#


You could see a wight.

Vanquished Creatures
  Pikel (D:5)
  Grinder (D:5)
  Sigmund (D:5)
  Eustachio (D:6)
  A vampire (D:6)
  A water moccasin (D:6)
  An orc warrior (D:6)
  An ice beast (D:5)
  A black bear (D:6)
  2 ogres
  2 lemures (D:5)
  A phantom (D:4)
  A bullfrog (D:6)
  Blork the orc (D:5)
  2 necrophages
  2 scorpions
  2 wights (D:7)
  A killer bee (D:6)
  A hound (D:5)
  A jelly (D:4)
  A gnoll bouda (D:5)
  2 orc priests
  2 iguanas (D:5)
  An orc wizard (D:5)
  5 adders
  A shadow imp (D:5)
  A white imp (D:6)
  4 dart slugs
  14 orcs
  5 ball pythons
  5 bats
  5 endoplasms
  6 giant cockroaches
  6 goblins
  5 hobgoblins
  7 quokkas
  4 frilled lizards
  5 kobolds
  3 rats
  2 butterflies (D:6)
109 creatures vanquished.

Notes
Turn   | Place    | Note
-------+----------+-------------------------------------------
     0 | D:1      | nono the Palentonga Fighter began the quest for the Orb.
     0 | D:1      | Reached XP level 1. HP: 19/19 MP: 1/1
   348 | D:1      | Reached XP level 2. HP: 20/25 MP: 2/2
  1220 | D:2      | Reached XP level 3. HP: 23/31 MP: 3/3
  1423 | D:2      | Found a faded altar of an unknown god.
  2298 | D:3      | Reached XP level 4. HP: 37/37 MP: 4/4
  2600 | D:4      | Noticed a scorpion
  2662 | D:4      | Noticed a phantom
  2677 | D:4      | Killed a phantom
  2678 | D:4      | Reached skill level 4 in Fighting
  2678 | D:4      | Reached XP level 5. HP: 40/44 MP: 5/5
  2755 | D:4      | Found Zulodd's Antique Weapon Shoppe.
  2835 | D:4      | Reached XP level 6. HP: 51/51 MP: 6/6
  3401 | D:5      | Entered Level 5 of the Dungeon
  3401 | D:5      | Noticed Pikel
  3552 | D:5      | Noticed Sigmund
  3564 | D:5      | Killed Sigmund
  3588 | D:5      | Noticed Blork the orc
  3599 | D:5      | Killed Blork the orc
  3600 | D:5      | Gained mutation: You curl defensively after being hit. (AC
                  | +7*) [Palentonga growth]
  3600 | D:5      | Reached XP level 7. HP: 54/58 MP: 7/7
  3656 | D:5      | Found a staircase to the Ecumenical Temple.
  3667 | Temple   | Entered the Ecumenical Temple
  3780 | Temple   | Became a worshipper of Ashenzari the Shackled
  3886 | D:5      | Reached skill level 5 in Fighting
  4072 | D:5      | Noticed Grinder
  4093 | D:5      | Killed Grinder
  4432 | D:5      | Killed Pikel
  4433 | D:5      | Reached skill level 6 in Fighting
  4433 | D:5      | Reached skill level 5 in Maces & Flails
  4433 | D:5      | Reached skill level 5 in Shields
  4433 | D:5      | Reached XP level 8. HP: 37/68 MP: 8/8
  4598 | D:5      | Reached skill level 5 in Armour
  4984 | D:6      | HP: 3/68 [vampire (5)]
  4985 | D:6      | HP: 1/68 [vampire (8)]
  5248 | D:6      | Found a shimmering altar of Xom.
  5829 | D:6      | Reached XP level 9. HP: 56/75 MP: 9/9
  5946 | D:6      | Noticed Eustachio
  5966 | D:6      | Killed Eustachio
  6840 | D:6      | Found an iron altar of Okawaru.
  6840 | D:6      | Found an ornate altar of the Wu Jian Council.
  6840 | D:6      | Found a hazy altar of Hepliaklqana.
  6842 | D:6      | Found a burning altar of Makhleb.
  6842 | D:6      | Found a glowing golden altar of the Shining One.
  6842 | D:6      | Found a snail-covered altar of Cheibriados.
  6844 | D:6      | Found a sparkling altar of Nemelex Xobeh.
  6844 | D:6      | Found a hide-covered altar of Uskayaw.
  6844 | D:6      | Found an opulent altar of Gozag.
  6911 | D:6      | Reached skill level 7 in Fighting
  7001 | D:6      | HP: 3/71 [wight/+3 battleaxe (12)]
  7001 | D:6      | Slain by a wight

Illustrated notes

Levels and vault maps discovered:
D:1:      ncdulo_smallfort, layout_loops_ring
D:2:      layout_basic, hellmonk_ecumenical_altar_arch_garden
D:3:      layout_basic, nicolae_elevator_lobby_asterisk
D:4:      layout_loops_ring, serial_shops, shop
D:5:      layout_basic, minmay_temple_entry_poolview, st_stairs_1, uniq_sigmund,
          uniq_blork_the_orc, uniq_pikel, uniq_grinder
D:6:      cheibrodos_quashed, layout_cave_pods, nicolae_overflows_in_rows,
          xom_butterflies, nicolae_elevator_lobby_plus, uniq_eustachio
D:7:      minmay_recursive_quarters, layout_cave_pods,
          nicolae_qazlal_general_emergency, uniq_joseph
Temple:   dpeg_three_leaves_temple

Skill      XL: |  1  2  3  4  5  6  7  8  9 |
---------------+----------------------------+-----
Shields        | 3 4 5 6 |  6.4
Maces & Flails | 3 4 5 6 |  6.6
Armour         | 3 4 5 |  5.8
Fighting       | 4 6 7 |  7.0

Action                   |  1- 3 |  4- 6 |  7- 9 || total
-------------------------+-------+-------+-------++-------
Melee: Flail             |   130 |    74 |   132 ||   336
       Tailslap          |     8 |    13 |    27 ||    48
       Short sword       |       |       |    85 ||    85
       Dagger            |       |       |    14 ||    14
Evoke: Wand              |       |     4 |     8 ||    12
  Use: Potion            |       |       |     8 ||     8
 Stab: Paralysed         |       |    14 |    15 ||    29
Armor: Scale mail        |    28 |       |       ||    28
       Chain mail        |    54 |     7 |    40 ||   101
       Plate armour      |     6 |    27 |       ||    33
       Robe              |       |       |    60 ||    60
Dodge: Dodged            |    37 |     9 |    88 ||   134
Block: Buckler           |    23 |    10 |    58 ||    91

Table legend: (Time is in decaauts)
 A = Elapsed time spent in this place.
 B = Non-inter-level travel time spent in this place.
 C = Inter-level travel time spent in this place.
 D = Time resting spent in this place.
 E = Time spent auto-exploring this place.
 F = Levels seen in this place.
 G = Mean time per level.
                   A        B        C        D        E       F      G
               +--------+--------+--------+--------+--------+-----+--------+
         Total |   7089 |   6759 |    330 |    293 |   5186 |   8 |  886.1 |
       Dungeon |   6963 |   6698 |    265 |    293 |   5145 |   7 |  994.7 |
        Temple |    125 |     60 |     65 |      0 |     41 |   1 |  125.0 |
               +--------+--------+--------+--------+--------+-----+--------+

Top non-repeatable levels by time:
     D:6: 1677 daAuts
     D:5: 1556 daAuts
     D:1: 1153 daAuts
     D:4: 1027 daAuts
     D:2: 1006 daAuts
     D:3: 460 daAuts
  Temple: 125 daAuts
     D:7: 82 daAuts
